 Dungeon Crawl Stone Soup version 0.25-a0-566-g062765be81 (webtiles) character file.

Game seed: 9806687884924244306, levelgen mode: deterministic

14765 kae the Covert (level 11, -3/52 HPs)
             Began as a Felid Enchanter on Feb 27, 2020.
             Was a High Priest of Dithmenos.
             Slain by Rupert
             ... wielding a +3 vorpal battleaxe
              (46 damage)
             ... on level 3 of the Lair of Beasts.
             The game lasted 00:26:09 (19685 turns).

kae the Covert (Felid Enchanter)                   Turns: 19685, Time: 00:26:10

Health: -3/52      AC:  2    Str:  6    XL:     11   Next: 93%
Magic:  26/31      EV: 24    Int: 23    God:    Dithmenos [*****.]
Gold:   526        SH:  0    Dex: 20    Spells: 10/24 levels left
                                        Lives:  0   Deaths: 3

rFire    + . .     SeeInvis +     - Unarmed
rCold    x . .     Gourm    .   (shield unavailable)
rNeg     . . .     Faith    .   (armour unavailable)
rPois    +         Spirit   .   (helmet unavailable)
rElec    .         Reflect  .   (cloak unavailable)
rCorr    .         Harm     .   (gloves unavailable)
MR       +....                  (boots unavailable)
Stlth    ++++++++++             (no amulet)
HPRegen  0.17/turn              u - ring "Roiguog" {Fire *Drain rPois MP+9 Stlth+}
MPRegen  0.22/turn              x - ring of Yloa {EV+1 Int+5 Dex+3}

@: about to teleport, wreathed by umbra, quick
A: very small, no armour, no weapons or thrown items, stealth, claws 1, fangs 3,
see invisible, carnivore, speed 1, shaggy fur 2, slow metabolism 1, sharp paws
a: Shadow Step, Shadow Form, Renounce Religion


You were on level 3 of the Lair of Beasts.
You worshipped Dithmenos.
Dithmenos was extremely pleased with you.
You were not hungry.

You visited 3 branches of the dungeon, and saw 14 of its levels.

You collected 656 gold pieces.
You spent 130 gold pieces at shops.

Inventory:

Jewellery
 k - an uncursed ring of protection from fire
 n - an uncursed ring of poison resistance
 o - an uncursed ring of wizardry
 r - an uncursed ring of protection from magic
 u - the ring "Roiguog" (left paw) {Fire *Drain rPois MP+9 Stlth+}
   (You found it on level 10 of the Dungeon)

   [ring of fire]

   It enhances your fire magic.
   It protects you from fire.
   It makes you vulnerable to cold.
   It protects you from poison.
   It affects your magic capacity (+9).
   It causes draining when unequipped.
   It makes you more stealthy.
 x - the ring of Yloa (right paw) {EV+1 Int+5 Dex+3}
   (You acquired it on level 3 of the Lair of Beasts)

   [ring of evasion]

   It affects your evasion (+1).
   It affects your intelligence (+5).
   It affects your dexterity (+3).
Wands
 g - a wand of acid (16)
 h - a wand of paralysis (21)
 t - a wand of polymorph (6)
Scrolls
 e - 2 scrolls of amnesia
 f - 5 scrolls of identify
 j - 7 scrolls of remove curse
 q - a scroll of magic mapping
 v - a scroll of teleportation
 w - a scroll of fog
Potions
 a - a potion of lignification
 c - a potion of cancellation
 d - 2 potions of might
 i - 2 potions of stabbing
 l - 5 potions of berserk rage
 m - 2 potions of haste
 p - 2 potions of mutation
 s - 7 potions of curing
 z - a potion of ambrosia
Comestibles
 b - 27 rations


   Skills:
 + Level 8.9 Fighting
 + Level 6.7 Dodging
 + Level 12.9 Stealth
 * Level 12.4 Unarmed Combat
 - Level 7.1 Spellcasting
 - Level 12.0 Hexes


You had 10 spell levels left.
You knew the following spells:

 Your Spells              Type           Power        Failure   Level  Hunger
a - Corona                Hex            ######.      1%          1    None
b - Ensorcelled Hibernat  Hex/Ice        #####.       1%          2    None
c - Confusing Touch       Hex            ######..     1%          3    None
d - Tukima's Dance        Hex            ######..     1%          3    None
e - Dazzling Flash        Conj/Hex       #####.       1%          3    None
f - Slow                  Hex            ######..     1%          2    None

Your spell library contained the following spells:

 Spells                   Type           Power        Failure   Level  Hunger
 Summon Guardian Golem    Hex/Summ       #####...     1%          3    None
 Fulminant Prism          Conj/Hex       #####.....   6%          4    ###....
 Magic Dart               Conj           #...         8%          1    None
 Summon Small Mammal      Summ           #...         8%          1    None
 Blink                    Tloc           N/A          12%         2    None
 Call Imp                 Summ           #.......     12%         2    None
 Searing Ray              Conj           #.....       12%         2    None
 Summon Mana Viper        Hex/Summ       #####...     19%         5    #####..
 Call Canine Familiar     Summ           #.......     22%         3    None
 Conjure Flame            Conj/Fire      ##......     22%         3    None
 Mephitic Cloud           Conj/Pois/Air  #.......     22%         3    None
 Recall                   Summ/Tloc      N/A          22%         3    None
 Iskenderun's Mystic Bla  Conj/Tloc      #.......     58%         4    ###....
 Summon Ice Beast         Ice/Summ       #.......     58%         4    ###....
 Summon Lightning Spire   Summ/Air       #.......     58%         4    ###....
 Aura of Abjuration       Summ           #.........   91%         5    #####..
 Summon Demon             Summ           #.........   91%         5    #####..
 Summon Forest            Summ/Tloc      #.........   91%         5    #####..
 Shadow Creatures         Summ           N/A          100%        6    ######.


Dungeon Overview and Level Annotations

Branches:
Dungeon (10/15)            Temple (1/1) D:6            Lair (3/6) D:9
    Orc (0/2) D:10
  Swamp: Lair:2-4    Shoals: Lair:2-4     Snake: Lair:2-4    Spider: Lair:2-4

Altars:
Ashenzari
Cheibriados
Dithmenos
Elyvilon
Fedhas
Gozag
Hepliaklqana
Kikubaaqudgha
Makhleb
Nemelex Xobeh
Okawaru
Qazlal
Ru
Sif Muna
Trog
Uskayaw
Vehumet
Wu Jian
Xom
Yredelemnul
Zin
The Shining One

Shops:
D:7 :   D:8 *!

Annotations:
D:4 exclusions: frilled lizard and ogre, Grinder
D:5 exclusion: upstairs
Lair:1 1 runed translucent door, exclusions: hydra and oklob plant, louiscrawler's ghost, journeyman GrIE
Lair:2 1 runed translucent door, sixsigma's ghost, journeyman GnWz
Lair:3 Rupert


Innate Abilities, Weirdness & Mutations

You cannot wear armour.
You are incapable of wielding weapons or throwing items.
Your paws allow you to move quietly. (Stealth)
You have sharp claws.
You have razor-sharp teeth.
You have supernaturally acute eyesight. (SInv)
You are carnivorous and can eat meat at any time.
You cover ground quickly.
You are covered in thick fur. (AC +2)
You have a slow metabolism.
Your sharp claws are effective at attacking unaware monsters.


Message History

Aiming: Ensorcelled Hibernation (safe; 1% risk of failure)
Press: ? - help, Shift-Dir - straight line, f/p - Rupert
Aim: Rupert, wielding a +3 vorpal battleaxe and wearing a +0 scale mail (umbra, chance to defeat MR: 6%) Rupert resists with almost no effort.
Rupert closely misses you.
Casting: Ensorcelled Hibernation (safe; 1% risk of failure)
Confirm with . or Enter, or press ? or * to list all spells.
Aiming: Ensorcelled Hibernation (safe; 1% risk of failure)
Press: ? - help, Shift-Dir - straight line, f/p - Rupert
Aim: Rupert, wielding a +3 vorpal battleaxe and wearing a +0 scale mail (umbra, chance to defeat MR: 6%) Rupert resists with almost no effort.
Rupert roars madly and goes into a rage!
Rupert goes berserk!
Casting: Ensorcelled Hibernation (safe; 1% risk of failure)
Confirm with . or Enter, or press ? or * to list all spells.
You can't see any susceptible monsters within range! (Use Z to cast anyway.)
As you read the scroll of teleportation, it crumbles to dust.
You feel strangely unstable. Rupert completely misses you.
Rupert hits you with a +3 vorpal battleaxe!!!
Ouch! That really hurt!
You die...

##^...........####
#.........# ..............#
##.....).## ....^...##.#P##
###....## ..^........## ###
###....# ........#.###
#.####..+P#.##
##P...##..######.........##P
#.....†.......##.........+..
##...........+.#..........#.
#........@@.......<.[...##.
#.......................###
+...........###..(..>...#
#.>.........# #.........#
##+..###.#### #####+..##.#
#..# ### #..### ## #..
####.### #. #.##+..#### #
### ##.......#.##


You could see Rupert (berserk).

Vanquished Creatures
  Erolcha (D:10)
  2 hydras (Lair:1)
  A centaur warrior (D:10)
  2 two-headed ogres
  A manticore (D:10)
  2 black mambas
  4 spiny frogs
  Maggie (D:10)
  2 rime drakes (Lair:2)
  An efreet (D:10)
  3 komodo dragons
  A queen bee (D:9)
  A polar bear (Lair:2)
  A troll (D:9)
  Prince Ribbit (D:6)
  8 hippogriffs
  14 blink frogs
  A redback (Lair:3)
  6 yaks (Lair:2)
  2 wraiths (D:10)
  A wyvern (D:10)
  4 basilisks
  An acid dragon (D:10)
  3 water moccasins
  4 porcupines
  6 orc warriors
  A swamp drake (D:9)
  2 ice beasts
  A phantom (D:10)
  2 necrophages
  6 ogres
  5 centaurs
  8 crocodiles
  A big kobold (D:9)
  12 bullfrogs
  A wyvern zombie (D:7)
  3 gnoll sergeants (D:8)
  A scorpion (D:5)
  16 killer bees
  10 howler monkeys
  A wight (D:10)
  3 electric eels
  9 crimson imps
  8 hounds
  2 quasits
  3 orc priests
  Crazy Yiuf (D:3)
  2 gnoll shamans (D:8)
  A jelly (D:5)
  2 bullfrog skeletons
  2 centaur skeletons
  2 iguanas
  8 orc wizards
  Ijyb (D:3)
  Natasha (twice) (D:3)
  7 worker ants
  A hound skeleton (D:4)
  2 worker ant zombies (D:10)
  23 gnolls
  8 adders
  A hound simulacrum (D:10)
  A shadow imp (D:10)
  2 adder zombies
  4 worms
  10 dart slugs
  3 leopard geckos
  28 orcs
  A bat zombie (D:6)
  5 giant cockroaches
  8 goblins
  4 hobgoblins
  31 jackals
  4 quokkas
  3 bats
  6 frilled lizards
  A jackal zombie (D:5)
  6 kobolds
  4 rats
  2 rat zombies (D:6)
355 creatures vanquished.

Vanquished Creatures (others)
  A dart slug (D:6)
  10 plants
11 creatures vanquished.

Grand Total: 366 creatures vanquished

Notes
Turn   | Place    | Note
-------+----------+-------------------------------------------
     0 | D:1      | kae the Felid Enchanter began the quest for the Orb.
     0 | D:1      | Reached XP level 1. HP: 7/7 MP: 4/4
   375 | D:1      | Reached XP level 2. HP: 12/12 MP: 4/6
   379 | D:1      | Learned a level 2 spell: Ensorcelled Hibernation
  1091 | D:1      | Reached skill level 1 in Fighting
  1091 | D:1      | Reached XP level 3. HP: 15/15 MP: 4/7
  1349 | D:2      | Found a sparkling altar of Nemelex Xobeh.
  1389 | D:2      | Learned a level 3 spell: Confusing Touch
  1472 | D:2      | Reached XP level 4. HP: 11/19 MP: 1/8
  1993 | D:3      | Reached skill level 5 in Hexes
  2138 | D:3      | Noticed Natasha
  2150 | D:3      | Killed Natasha
  2526 | D:3      | Noticed Natasha
  2542 | D:3      | Killed Natasha
  2641 | D:3      | Reached skill level 5 in Stealth
  2641 | D:3      | Reached XP level 5. HP: 22/22 MP: 6/9
  2734 | D:3      | Noticed Ijyb
  2739 | D:3      | Killed Ijyb
  3001 | D:3      | Found a runed translucent door.
  3002 | D:3      | Noticed Crazy Yiuf
  3146 | D:3      | Killed Crazy Yiuf
  3252 | D:4      | Noticed an ogre
  3302 | D:4      | Gained mutation: You are covered in thick fur. (AC +2)
                  | [Felid growth]
  3302 | D:4      | Reached XP level 6. HP: 15/26 MP: 9/11
  3828 | D:4      | Noticed Grinder
  4178 | D:5      | Entered Level 5 of the Dungeon
  4345 | D:4      | Found a shattered altar of Ashenzari.
  4345 | D:4      | Found a radiant altar of Vehumet.
  4365 | D:5      | Reached XP level 7. HP: 30/30 MP: 12/12
  5553 | D:5      | Found a shimmering altar of Xom.
  5584 | D:5      | Reached skill level 5 in Unarmed Combat
  6264 | D:6      | Found a staircase to the Ecumenical Temple.
  6294 | D:6      | Reached XP level 8. HP: 27/34 MP: 14/14
  6313 | Temple   | Entered the Ecumenical Temple
  6447 | Temple   | Became a worshipper of Dithmenos the Shadowed
  7547 | D:6      | Found an ornate altar of the Wu Jian Council.
  7688 | D:6      | Found an ancient bone altar of Kikubaaqudgha.
  7923 | D:7      | Found Watsyxet's Book Shoppe.
  7942 | D:7      | HP: 1/36 [orc wizard/puff of flame (11)]
  8267 | D:7      | Noticed Prince Ribbit
  9077 | D:6      | Killed Prince Ribbit
  9392 | D:7      | Reached XP level 9. HP: 39/39 MP: 14/17
  9402 | D:7      | Shot with an arrow by a centaur
  9403 | D:7      | Reached XP level 8. HP: -1/36 MP: 13/16
 10505 | D:8      | Reached skill level 5 in Spellcasting
 10513 | D:8      | Reached * piety under Dithmenos
 10524 | D:8      | Reached skill level 5 in Fighting
 10630 | D:8      | Noticed a hippogriff
 10644 | D:8      | Killed a hippogriff
 10859 | D:8      | Reached XP level 9. HP: 26/40 MP: 5/17
 11679 | D:8      | Reached ** piety under Dithmenos
 11984 | D:8      | Found an opulent altar of Gozag.
 11991 | D:8      | Found Gozag's Platinum Reserve.
 12216 | D:8      | Found Fibi's Distillery.
 12223 | D:8      | Bought 2 potions of heal wounds for 100 gold pieces
 12223 | D:8      | Bought a potion of curing for 30 gold pieces
 12264 | D:9      | Learned a level 3 spell: Tukima's Dance
 12268 | D:9      | Learned a level 3 spell: Dazzling Flash
 12271 | D:9      | Learned a level 2 spell: Slow
 12299 | D:9      | Noticed a troll
 12318 | D:9      | Killed a troll
 12807 | D:9      | Noticed a two-headed ogre
 12821 | D:9      | Killed a two-headed ogre
 13060 | D:9      | Reached XP level 10. HP: 34/45 MP: 15/19
 13092 | D:9      | Slain by a killer bee
 13093 | D:9      | Reached XP level 9. HP: 0/41 MP: 18/18
 13328 | D:9      | Noticed a queen bee
 13337 | D:9      | Killed a queen bee
 13458 | D:9      | Reached skill level 10 in Hexes
 13615 | D:9      | Reached skill level 10 in Stealth
 14002 | D:9      | Reached *** piety under Dithmenos
 14260 | D:9      | Found a staircase to the Lair.
 14703 | D:10     | Entered Level 10 of the Dungeon
 14827 | D:10     | Reached XP level 10. HP: 46/46 MP: 16/20
 14965 | D:10     | Noticed Maggie
 14970 | D:10     | Killed Maggie
 15005 | D:10     | Reached skill level 10 in Unarmed Combat
 15247 | D:10     | Found a staircase to the Orcish Mines.
 15297 | D:10     | Noticed a two-headed ogre
 15323 | D:10     | Killed a two-headed ogre
 15363 | D:10     | Reached **** piety under Dithmenos
 15775 | D:10     | Noticed a manticore
 15779 | D:10     | Killed a manticore
 15818 | D:10     | Noticed Erolcha
 15827 | D:10     | Killed Erolcha
 15897 | D:10     | Noticed a centaur warrior
 15898 | D:10     | Reached XP level 11. HP: 49/50 MP: 22/22
 15905 | D:10     | Killed a centaur warrior
 15919 | D:10     | Got a crude pewter ring
 16104 | D:10     | Identified the ring "Roiguog" {Fire *Drain rPois MP+9
                  | Stlth+} (You found it on level 10 of the Dungeon)
 16161 | Lair:1   | Entered Level 1 of the Lair of Beasts
 16215 | Lair:1   | Noticed a seven-headed hydra
 16257 | Lair:1   | Slain by a hippogriff
 16258 | Lair:1   | Reached XP level 10. HP: -2/48 MP: 22/30
 16512 | Lair:1   | Noticed an oklob plant
 16547 | Lair:1   | Found a runed translucent door.
 16549 | Lair:1   | Noticed louiscrawler's ghost (journeyman GrIE)
 16565 | Lair:1   | Killed a seven-headed hydra
 16586 | Lair:1   | Noticed a spiny frog
 16592 | Lair:1   | Killed a spiny frog
 16640 | Lair:1   | Noticed a six-headed hydra
 16647 | Lair:1   | Killed a six-headed hydra
 16694 | Lair:1   | Reached XP level 11. HP: 45/51 MP: 22/22
 17281 | Lair:2   | Found a runed translucent door.
 17282 | Lair:2   | Noticed sixsigma's ghost (journeyman GnWz)
 17585 | Lair:1   | Reached skill level 5 in Dodging
 18586 | Lair:2   | Reached ***** piety under Dithmenos
 18838 | Lair:3   | Identified a scroll of acquirement
 18838 | Lair:3   | Identified the ring of Yloa {EV+1 Int+5 Dex+3} (You
                  | acquired it on level 3 of the Lair of Beasts)
 18838 | Lair:3   | Identified the Handbook of Absence (You acquired it on
                  | level 3 of the Lair of Beasts)
 19256 | Lair:3   | Noticed Rupert
 19685 | Lair:3   | Slain by Rupert

Levels and vault maps discovered:
D:1:      minmay_arrival_cross, layout_basic, minivault_4
D:2:      layout_loops_cross, nemelex_spade_bored_becter
D:3:      layout_basic, minmay_misc_feat_chi, minivault_19, uniq_natasha,
          uniq_crazy_yiuf_cottage, uniq_ijyb
D:4:      layout_loops_ring, nicolae_overflow_hidden_temple, first_ration,
          uniq_grinder
D:5:      layout_layer_cave, led_xom_imps
D:6:      kennysheep_slugbush, layout_loops_cross,
          lemuel_zombie_altar_kikubaaqudgha, overflow_temple_1_default,
          minmay_temple_entry_steel_oval
D:7:      layout_cave_pools, serial_shops, shop, uniq_prince_ribbit1
D:8:      layout_cave_pools, nicolae_gozag_zags_fifth_avenue, serial_gnoll_camp,
          gnoll_camp_medium_01, gnoll_camp_mini_sergeant,
          gnoll_camp_mini_doghouse, gnoll_camp_mini_shop, gnoll_camp_mini_basic,
          gnoll_camp_mini_house, dk_vineyard_3
D:9:      layout_basic, erik_lair_dragon, hangedman_decor_growths,
          david_nohive_1
D:10:     layout_rooms, david_orc_2, minmay_the_grid_2x2 [minmay_the_grid_x,
          minmay_the_grid_minigrid_small_alt, minmay_the_grid_slots,
          minmay_the_grid_prize_trominoes], uniq_maggie, uniq_erolcha
Temple:   nicolae_temple_elliptical
Lair:1:   layout_regular_city, ebering_ghost_inner_flame,
          chequers_serial_rivers_micro_b, chequers_serial_rivers_room_b,
          minmay_lair_oklob_chamber
Lair:2:   layout_regular_city, ebering_ghost_inner_flame, serial_bayou_ford_a
Lair:3:   layout_roguey, spider_nest_entry_webs, special_room
          [special_room_bee], lemuel_centaur_altar, uniq_rupert

Skill      XL: |  1  2  3  4  5  6  7  8  9 10 11 |
---------------+----------------------------------+-----
Fighting       | 1 2 3 5 6 8 |  8.9
Unarmed Combat | 2 3 4 5 7 9 11 12 | 12.4
Hexes          | 5 6 8 10 11 12 | 12.0
Stealth        | 5 6 8 10 11 12 | 12.9
Spellcasting   | 3 5 6 7 |  7.1
Dodging        | 4 6 |  6.7

Action                   |  1- 3 |  4- 6 |  7- 9 | 10-12 || total
-------------------------+-------+-------+-------+-------++-------
Melee: Unarmed           |    66 |   124 |   448 |   207 ||   845
       Bite              |     6 |     8 |    32 |    14 ||    60
       Punch             |       |     1 |     8 |     7 ||    16
 Cast: Corona            |    11 |     5 |    25 |     3 ||    44
       Ensorcelled Hiber |     8 |    26 |   191 |    90 ||   315
       Confusing Touch   |       |     1 |    10 |     7 ||    18
       Slow              |       |       |     4 |     1 ||     5
Evoke: Wand              |       |       |     1 |       ||     1
  Use: Scroll            |     3 |     7 |    10 |     5 ||    25
       Potion            |       |       |    10 |     1 ||    11
 Stab: Sleeping          |    11 |    31 |   113 |    83 ||   238
       Confused          |       |     1 |     9 |     7 ||    17
       Distracted        |       |     1 |     2 |       ||     3
       Paralysed         |       |       |     1 |       ||     1
       Invisible         |       |       |       |     1 ||     1
  Eat: Chunk             |     6 |    10 |    28 |    11 ||    55
Armor: Skin              |     2 |     5 |    71 |    10 ||    88
Dodge: Dodged            |    54 |    76 |   410 |   212 ||   752

Table legend:
 A = Non-vault XP
 B = Vault XP
 C = Vault XP percentage of total XP
 D = Non-vault monster count
 E = Vault monster count
 F = Vault count percentage of total count
                 A         B        C        D         E       F
            +---------+---------+-------+---------+---------+-------
      Total |   24311 |    7797 |  24.3 |     252 |     103 |  29.0
            +---------+---------+-------+---------+---------+-------
        D:1 |      53 |       0 |   0.0 |      16 |       0 |   0.0
        D:2 |      64 |       0 |   0.0 |      16 |       0 |   0.0
        D:3 |     134 |     112 |  45.5 |      14 |       3 |  17.6
        D:4 |     158 |       0 |   0.0 |      16 |       0 |   0.0
        D:5 |     624 |     198 |  24.1 |      26 |       5 |  16.1
        D:6 |     801 |     304 |  27.5 |      20 |      12 |  37.5
        D:7 |     964 |       0 |   0.0 |      17 |       0 |   0.0
        D:8 |    1025 |     862 |  45.7 |      12 |      37 |  75.5
        D:9 |    2018 |    1757 |  46.5 |      30 |      19 |  38.8
       D:10 |    3414 |    4107 |  54.6 |      26 |      25 |  49.0
     Lair:1 |    5837 |     239 |   3.9 |      21 |       1 |   4.5
     Lair:2 |    6057 |       0 |   0.0 |      26 |       0 |   0.0
     Lair:3 |    3162 |     218 |   6.4 |      12 |       1 |   7.7
            +---------+---------+-------+---------+---------+-------
